 Dungeon Crawl Stone Soup version 0.31-a0-161-gb58dd9be76 (webtiles) character file.

Game seed: 14699525527942780570

184 qw the Chopper (level 5, 0/32 HPs)
             Began as a Gargoyle Fighter on June 12, 2023.
             Slain by a goblin
             ... wielding a +0 club
             ... led by Robin
              (2 damage)
             ... on level 4 of the Dungeon.
             The game lasted 00:01:09 (2526 turns).

qw the Chopper (Gargoyle Fighter)                   Turns: 2526, Time: 00:01:09

Health: 0/32       AC: 13    Str: 22    XL:     5   Next: 63%
Magic:  5/5        EV:  9    Int:  6    God:
Gold:   148        SH:  4    Dex:  7    Spells: 4/4 levels left

rFire   . . .        Y - +0 broad axe
rCold   + . .        c - +0 buckler
rNeg    + . .        b - +0 scale mail
rPois   inf          (no helmet)
rElec   +            (no cloak)
rCorr   .            (no gloves)
SInv    .            j - +1 pair of boots
Will    .....        (no amulet) Stlth
                     f - ring of protection from cold
HPRegen 0.25/turn    (no ring)
MPRegen 0.09/turn

%: no passive effects
@: no status effects
A: sickness immunity, AC +4, negative energy resistance 1, electricity
resistance, torment resistance 1, petrification resistance, clumsy 1, dopey 1,
screaming 1
a: no special abilities


You were on level 4 of the Dungeon.
You visited 1 branch of the dungeon, and saw 4 of its levels.

You collected 148 gold pieces.


Innate Abilities, Weirdness & Mutations

You are immune to sickness and miasma.
Your stone body is resilient. (AC +4)
You are immune to poison.
You resist negative energy. (rN+)
You are resistant to electric shocks. (rElec)
You are resistant to unholy torment.
You are immune to petrification.
You are clumsy. (Dex -2)
You are dopey. (Int -2)
You occasionally shout uncontrollably at your foes.


   Skills:
 + Level 3.6 Fighting
 - Level 5.0 Axes
 - Level 3.2 Armour
 - Level 3.2 Shields


You had 4 spell levels left.
You didn't know any spells.
Your spell library was empty.

Inventory:

Hand Weapons
 k - a +0 flail
 Y - a +0 broad axe (weapon)
Armour
 b - a +0 scale mail (worn)
 c - a +0 buckler (worn)
 j - a +1 pair of boots (worn)
Jewellery
 f - a ring of protection from cold (left hand)
Scrolls
 a - a scroll of teleportation
 m - a scroll of identify {unknown}
Potions
 d - 2 potions of might
 e - 2 potions of mutation
 g - a potion of lignification {unknown}
 h - a potion of invisibility {unknown}
 i - a potion of berserk rage {unknown}
 l - a potion of attraction {unknown}
 n - 3 potions of magic {unknown}
 o - a potion of heal wounds {unknown}

Dungeon Overview and Level Annotations

Branches:
Dungeon (4/15)
 Temple: D:4-7

Altars:
Vehumet

Annotations:
D:4 Blork the orc, Robin


Message History

You barely miss the hound. The hound misses you.
Blork the orc hits you with a +0 battleaxe!
Robin throws the goblin at you! The hound bites you.
You barely miss Blork the orc.
Blork the orc is heavily wounded.
You completely miss the goblin. You miss the hound.
The hound bites you but does no damage. Blork the orc misses you.
The goblin hits you but does no damage. The hound bites you but does no damage.
The goblin barely misses you. You block Blork the orc's attack.
You hit Blork the orc.
Blork the orc is severely wounded.
You closely miss the goblin. You slash the hound! The hound barely misses you.
You block the hound's attack. The goblin hits you but does no damage.
Blork the orc hits you with a +0 battleaxe.
Robin throws the goblin at you!
You barely miss Blork the orc.
Blork the orc is severely wounded.
You barely miss the goblin. x2; You slash the hound!
The hound bites you.
A hobgoblin comes into view.
Blork the orc hits you but does no damage.
The goblin hits you but does no damage.
Robin roars a battlecry!
The goblins go into a battle-frenzy!
The hound bites you but does no damage.
You hear a shout! x2; You hear an angry hiss.
You closely miss the hound.
The hound is almost dead.
You miss the goblin. You closely miss the goblin. You hit Blork the orc.
The hound closely misses you.
Blork the orc hits you with a +0 battleaxe!
The goblin completely misses you. You block the goblin's attack.
The hound bites you but does no damage.
An iguana comes into view.
The goblin hits you but does no damage.
The hobgoblin hits you but does no damage.
The goblin hits you with a +0 club.
You die...

...................
...............###
..)................####
.......#...#.......##
.l.....#............#
....... ..##......#######
....... #.##.#...#.......
.....gr##.#%.....#.~~~~~~
....).gh@g..%##..#~..~~~.
.......ogg.......#~.~...~
r............###.#~.~._.~
.............# #.#~.~...~
.............# #.#~..~~~.
............## ###.~~~~~~
...=..##...## #.......
...### ###.. #.#######
... ### #.


You could see Blork the orc, an iguana (wandering), a hound, Robin, a quokka, 2
hobgoblins and 2 goblins.

Vanquished Creatures
  Natasha (thrice) (D:3)
  An iguana (D:3)
  2 adders (D:4)
  3 worms
  A dart slug (D:4)
  5 orcs (D:3)
  8 ball pythons
  4 bats
  4 endoplasms
  5 hobgoblins
  7 kobolds
  3 quokkas
  2 frilled lizards
  2 goblins
  2 rats (D:3)
52 creatures vanquished.

Notes
Turn   | Place    | Note
-------+----------+-------------------------------------------
     0 | D:1      | qw the Gargoyle Fighter began the quest for the Orb.
     0 | D:1      | Reached XP level 1. HP: 14/14 MP: 1/1
     0 | D:1      | 0 ||| qw: Version: 0.2-a-29-gc1b59c4
     0 | D:1      | 0 ||| qw: Game counter: 4252
     0 | D:1      | 0 ||| qw: Always use a shield: true
     0 | D:1      | 0 ||| qw: God list: Okawaru
     0 | D:1      | 0 ||| qw: Allow faded altars: false
     0 | D:1      | 0 ||| qw: Do Orc after D:15 true
     0 | D:1      | 0 ||| qw: Do second Lair branch before Depths: true
     0 | D:1      | 0 ||| qw: Lair rune preference: random
     0 | D:1      | 0 ||| qw: Plans: Normal, Zot:1-4, Slime:5, God:TSO, Crypt,
                  | Tomb, Abyss, Pan, Hells, Win
     0 | D:1      | 0 ||| PLANNING D:1-11
   105 | D:1      | Reached skill level 2 in Axes
   210 | D:1      | Reached XP level 2. HP: 19/19 MP: 2/2
   771 | D:1      | 771 ||| DROPPING scarf of invisibility.
   772 | D:1      | 772 ||| UPGRADING to ring of protection from cold.
   773 | D:1      | 773 ||| DRINKING 2 grey potions.
   773 | D:1      | Gained mutation: You are dopey. (Int -2) [potion of
                  | mutation]
   773 | D:1      | Gained mutation: You occasionally shout uncontrollably at
                  | your foes. [potion of mutation]
   773 | D:1      | Gained mutation: You are clumsy. (Dex -2) [potion of
                  | mutation]
   894 | D:2      | Found a faded altar of an unknown god.
  1031 | D:2      | 1031 ||| Stepping ~*~*~tactically~*~*~ (stealth).
  1090 | D:2      | Reached skill level 3 in Axes
  1133 | D:2      | Reached XP level 3. HP: 23/23 MP: 3/3
  1292 | D:2      | 1292 ||| UPGRADING to +0 pair of boots.
  1297 | D:2      | 1297 ||| READING 2 scrolls labelled OLURELI PIMUD.
  1298 | D:2      | 1298 ||| READING scroll of enchant armour.
  1298 | D:2      | 1298 ||| ENCHANTING +0 pair of boots.
  1365 | D:3      | 1365 ||| DROPPING +0 whip.
  1454 | D:3      | Noticed Natasha
  1455 | D:3      | 1455 ||| Stepping ~*~*~tactically~*~*~ (hiding).
  1465 | D:3      | Killed Natasha
  1466 | D:3      | Reached XP level 4. HP: 18/28 MP: 4/4
  1609 | D:3      | Noticed Natasha
  1610 | D:3      | 1610 ||| Stepping ~*~*~tactically~*~*~ (hiding).
  1621 | D:3      | Killed Natasha
  1622 | D:3      | Reached skill level 4 in Axes
  1803 | D:3      | 1803 ||| DROPPING +0 mace.
  1849 | D:3      | 1849 ||| SWAPPING to +0 broad axe.
  1854 | D:3      | Reached XP level 5. HP: 32/32 MP: 5/5
  1854 | D:3      | 1854 ||| DROPPING +0 war axe.
  1856 | D:3      | 1856 ||| Stepping ~*~*~tactically~*~*~ (hiding).
  2247 | D:3      | 2247 ||| READING 2 scrolls labelled KUIBLEZXIO.
  2260 | D:3      | Noticed Natasha
  2261 | D:3      | 2261 ||| Stepping ~*~*~tactically~*~*~ (stealth).
  2270 | D:3      | Killed Natasha
  2355 | D:4      | Reached skill level 5 in Axes
  2377 | D:4      | Found a radiant altar of Vehumet.
  2515 | D:4      | Noticed Blork the orc
  2516 | D:4      | 2516 ||| Stepping ~*~*~tactically~*~*~ (hiding).
  2517 | D:4      | 2517 ||| Stepping ~*~*~tactically~*~*~ (hiding).
  2520 | D:4      | Noticed Robin
  2526 | D:4      | HP: 2/32 [Blork the orc/+0 battleaxe (13)]
  2526 | D:4      | Slain by a goblin

Levels and vault maps discovered:
D:1:      minmay_arrival_doors, layout_basic, serial_glass, glass_columns_a,
          glass_columns_b
D:2:      layout_rooms, chequers_ecumenical_altar_grove
D:3:      layout_loops_ring, uniq_natasha
D:4:      layout_rooms, mainiacjoe_overflow_catwalk, mainiacjoe_overflow_paths,
          kennysheep_generic_room_8, uniq_robin, uniq_crazy_yiuf_cottage,
          uniq_blork_the_orc

Skill      XL: |  1  2  3  4  5 |
---------------+----------------+-----
Axes           | 2 3 4 5 |  5.0
Fighting       | |  3.6
Armour         | |  3.2
Shields        | |  3.2

Action                     |  1- 3 |  4- 6 || total
---------------------------+-------+-------++-------
  Melee: War axe           |    75 |    44 ||   119
         Broad axe         |       |    63 ||    63
    Use: Potion            |     1 |       ||     1
         Scroll            |     2 |     1 ||     3
 Armour: Scale mail        |    33 |    63 ||    96
  Dodge: Dodged            |    30 |    48 ||    78
  Block: Buckler           |    15 |    23 ||    38

Table legend:
 A = Non-vault XP
 B = Vault XP
 C = Vault XP percentage of total XP
 D = Non-vault monster count
 E = Vault monster count
 F = Vault count percentage of total count
                 A         B        C        D         E       F
            +---------+---------+-------+---------+---------+-------
      Total |     225 |      38 |  14.4 |      50 |       2 |   3.8
            +---------+---------+-------+---------+---------+-------
        D:1 |      21 |       0 |   0.0 |      12 |       0 |   0.0
        D:2 |      20 |       0 |   0.0 |       8 |       0 |   0.0
        D:3 |     143 |      36 |  20.1 |      21 |       1 |   4.5
        D:4 |      41 |       2 |   4.7 |       9 |       1 |  10.0
            +---------+---------+-------+---------+---------+-------
